 Dungeon Crawl Stone Soup version 0.28-a0-10-g964c8b829e (webtiles) character file.

Game seed: 46105037401753463

8 ezpacito the Skirmisher (level 2, 24/24 HPs)
             Began as a Demonspawn Abyssal Knight on July 25, 2021.
             Was an Initiate of Lugonu.
             Quit the game on level 1 of the Dungeon.
             The game lasted 00:00:20 (207 turns).

ezpacito the Skirmisher (Demonspawn Abyssal Knight)  Turns: 207, Time: 00:00:21

Health: 24/24      AC:  3    Str: 12    XL:     2   Next: 0%
Magic:  3/3        EV: 11    Int: 13    God:    Lugonu [......]
Gold:   30         SH:  4    Dex: 12    Spells: 1/1 levels left

rFire   . . .      SeeInvis .   a - +1 hand axe
rCold   . . .      Faith    .   (no shield)
rNeg    . . .      Spirit   .   b - +0 leather armour
rPois   .          Reflect  .   (no helmet)
rElec   .          Harm     .   (no cloak)
rCorr   .          Rampage  .   (no gloves)
Will    .....                   (no boots)
Stlth   +.........              (no amulet)
HPRegen 0.08/turn               (no ring)
MPRegen 0.08/turn               (no ring)

@: no status effects
A: condensation shield
a: Renounce Religion


You were on level 1 of the Dungeon.
You worshipped Lugonu.
Lugonu was noncommittal.
You visited 1 branch of the dungeon, and saw 1 of its levels.
You visited the Abyss 1 time.

You collected 30 gold pieces.

Inventory:

Hand Weapons
 a - a +1 hand axe (weapon)
Armour
 b - a +0 leather armour (worn)


   Skills:
 + Level 3.0 Fighting
 * Level 2.0 Axes
 + Level 1.9 Armour
 + Level 1.0 Dodging
 + Level 0.4 Spellcasting
 + Level 2.6 Invocations


You had one spell level left.
You didn't know any spells.
Your spell library contained the following spells:

 Spells                   Type           Power      Damage    Failure   Level
 Magic Dart               Conj           0%         1d3       36%         1
 Call Imp                 Summ           0%         N/A       50%         2
 Mephitic Cloud           Conj/Pois/Air  0%         N/A       75%         3


Dungeon Overview and Level Annotations

Branches:
Dungeon (1/15)

Altars:


Innate Abilities, Weirdness & Mutations

A meltable shield of frost defends you. (SH +4)


Message History

Lugonu accepts your kill.
Your Axes skill increases to level 2!
No target in view!
No target in view!
No target in view!
No target in view!
No target in view!
No target in view!
No target in view!
No target in view!
No target in view!
No target in view!
HP restored.
Things that are here:
a +0 club; a goblin corpse You now have 20 gold pieces (gained 5).
A bat comes into view.
Found a book of Minor Magic.
A bat is nearby!
A bat is nearby!
A bat is nearby!
Found 10 gold pieces.
You closely miss the bat. The bat hits you but does no damage.
The bat closely misses you.
You miss the bat. The bat hits you but does no damage.
The bat barely misses you.
You slash the bat!
You kill the bat!
Lugonu accepts your kill.
You have reached level 2!
Your demonic ancestry asserts itself...
Frost condenses into a shield before you.
You now have 30 gold pieces (gained 10).
You pick up a book of Minor Magic and begin reading...
You add the spells Magic Dart, Call Imp and Mephitic Cloud to your library.
You open the door.
There is an open door here.
A dart slug comes into view.
A dart slug is nearby!
Are you sure you want to abandon this character and quit the game? (Confirm with "yes".)

## .#
###############.#
#.............@.#
#.#############.#
###'## ##### .#
#....# ..... .#
.....###..... .#
.....#....... ..
.....#....... .#
............. w.
.........# ##


You could see a dart slug.

Vanquished Creatures
  An endoplasm (D:1)
  A goblin (D:1)
  3 jackals (D:1)
  A bat (D:1)
  A rat (D:1)
7 creatures vanquished.

Notes
Turn   | Place    | Note
-------+----------+-------------------------------------------
     0 | Abyss:1  | ezpacito the Demonspawn Abyssal Knight began the quest for
                  | the Orb.
     0 | Abyss:1  | Reached XP level 1. HP: 18/18 MP: 2/2
    33 | Abyss:1  | Noticed a fire bat
    34 | D:1      | Escaped the Abyss
    70 | D:1      | Reached skill level 1 in Dodging
   171 | D:1      | Gained mutation: A meltable shield of frost defends you.
                  | (SH +4) [demonic ancestry]
   171 | D:1      | Reached XP level 2. HP: 24/24 MP: 3/3
   207 | D:1      | Quit the game

Illustrated notes

Levels and vault maps discovered:
D:1:      dpeg_arrival_rhombus, layout_basic, basic_ecumenical_altar,
          chequers_jeans

Skill      XL: |  1 |
---------------+----+-----
Dodging        | 1 |  1.0
Axes           | 2 |  2.0
Fighting       | |  3.0
Armour         | |  1.9
Spellcasting   | |  0.4
Invocations    | |  2.6

Action                   || total
-------------------------++-------
Melee: Hand axe          ||    16
Invok: Depart the Abyss  ||     1
Armor: Leather armour    ||     6
Dodge: Dodged            ||    12

Table legend: (Time is in decaauts)
 A = Elapsed time spent in this place.
 B = Non-inter-level travel time spent in this place.
 C = Inter-level travel time spent in this place.
 D = Time resting spent in this place.
 E = Time spent auto-exploring this place.
 F = Levels seen in this place.
 G = Mean time per level.
                   A        B        C        D        E       F      G
               +--------+--------+--------+--------+--------+-----+--------+
         Total |    210 |    210 |      0 |      0 |    178 |   2 |  105.0 |
       Dungeon |    176 |    176 |      0 |      0 |    145 |   1 |  176.0 |
         Abyss |     34 |     34 |      0 |      0 |     33 |   1 |   34.0 |
               +--------+--------+--------+--------+--------+-----+--------+

Top non-repeatable levels by time:
     D:1: 176 daAuts
 Abyss:1: 34 daAuts
